 Dungeon Crawl Stone Soup version 0.32-a0-329-ge6c31236d6 (webtiles) character file.

Game seed: 2827250713510669302

922 Aldia the Chopper (level 7, -7/61 HPs)
             Began as a Mountain Dwarf Warper on Feb 17, 2024.
             Was an Initiate of Qazlal.
             Mangled by an ogre
             ... wielding a +0 giant club
              (12 damage)
             ... on level 6 of the Dungeon.
             The game lasted 00:08:34 (4303 turns).

Aldia the Chopper (Mountain Dwarf Warper)           Turns: 4303, Time: 00:08:35

Health: -7/61      AC: 12    Str: 15    XL:     7   Next: 84%
Magic:  9/9        EV:  7    Int: 20    God:    Qazlal [......]
Gold:   269        SH:  0    Dex:  9    Spells: 6/9 levels left

rFire   . . .        a - +0 hand axe
rCold   . . .        (no shield)
rNeg    . . .        B - +0 chain mail
rPois   .            f - +0 helmet
rElec   .            (no cloak)
rCorr   .            (no gloves)
SInv    .            m - +0 pair of boots
Will    .....        l - amulet of regeneration
Stlth   x              - +6 ring of intelligence
HPRegen 1.10/turn    (no ring)
MPRegen 0.11/turn

%: no passive effects
@: no status effects
A: runic magic, artefact enchanting
a: Renounce Religion


You were on level 6 of the Dungeon.
You worshipped Qazlal.
Qazlal was noncommittal.
You visited 2 branches of the dungeon, and saw 7 of its levels.

You collected 269 gold pieces.

Inventory:

Hand Weapons
 a - a +0 hand axe (weapon)
 s - a +3 glaive
Missiles
 b - 3 silver javelins
 d - 7 darts of dispersal (quivered)
 j - 5 datura-tipped darts
 w - 7 poisoned darts
 y - 6 atropa-tipped darts
Armour
 f - a +0 helmet (worn)
 g - a +0 scale mail
 m - a +0 pair of boots (worn)
 B - a +0 chain mail (worn)
Jewellery
 k - a ring of ice
 l - an amulet of regeneration (around neck)
 v - an amulet of reflection
 x - a +6 ring of intelligence (left hand)
 F - a ring of protection from fire
Scrolls
 c - a scroll of blinking
 h - a scroll of poison {unknown}
 n - a scroll of vulnerability {unknown}
 o - 3 scrolls of amnesia
 q - a scroll of enchant armour {unknown}
 z - a scroll of noise {unknown}
 A - a scroll of teleportation
 C - a scroll of enchant weapon {unknown}
Potions
 e - a potion of attraction
 i - a potion of resistance {unknown}
 p - 2 potions of cancellation
 r - a potion of experience {unknown}
 t - 2 potions of brilliance
 u - a potion of magic {unknown}
 E - a potion of berserk rage {unknown}


   Skills:
 + Level 5.0 Fighting
 * Level 7.5 Axes
 - Level 0.7 Throwing
 + Level 4.6 Armour
 - Level 1.3 Dodging
 - Level 1.7 Spellcasting
 - Level 3.0 Translocations
 + Level 2.5 Invocations


You had 6 spell levels left.
You knew the following spells:

 Your Spells              Type           Power      Damage    Failure   Level
a - Blink                 Tloc           26%        N/A       13%         2
b - Apportation           Tloc           26%        N/A       9%          1

Your spell library contained the following spells:

 Spells                   Type           Power      Damage    Failure   Level
 Lesser Beckoning         Tloc           26%        N/A       13%         2
 Teleport Other           Tloc           13%        N/A       26%         3
 Necrotise                Necr           4%         1d4       30%         1
 Sting                    Conj/Alch      4%         1d3       30%         1
 Summon Small Mammal      Summ           4%         N/A       30%         1
 Mercury Vapours          Alch/Air       2%         N/A       41%         2
 Manifold Assault         Tloc           13%        N/A       65%         4
 Vhi's Electric Charge    Tloc/Air       14%        N/A       85%         4
 Olgreb's Toxic Radiance  Alch           1%         N/A       96%         4


Dungeon Overview and Level Annotations

Branches:
Dungeon (6/15)             Temple (1/1) D:5

Altars:
Ashenzari
Cheibriados
Dithmenos
Elyvilon
Fedhas
Gozag
Kikubaaqudgha
Makhleb
Nemelex Xobeh
Okawaru
Qazlal
Sif Muna
Trog
Uskayaw
Vehumet
Wu Jian
Yredelemnul
Zin
The Shining One

Shops:
D:5 [

Annotations:
D:6 exclusion: door


Innate Abilities, Weirdness & Mutations

Your spellcasting is much less encumbered by armour.
You can use scrolls of enchantment on lesser artefacts.


Message History

You hit the ogre.
The ogre is lightly wounded.
The ogre closely misses you.
You barely miss the ogre.
The ogre is lightly wounded.
The ogre hits you with a +0 giant club!!
You hit the ogre.
The ogre is moderately wounded.
You closely miss the ogre.
The ogre is moderately wounded.
The ogre hits you but does no damage.
You hit the ogre but do no damage.
The ogre is lightly wounded.
The ogre hits you with a +0 giant club!
You are too injured to fight recklessly!
You are too injured to fight recklessly!
You are too injured to fight recklessly!
You hit the ogre.
The ogre is moderately wounded.
You hit the ogre.
The ogre is heavily wounded.
The ogre closely misses you.
You barely miss the ogre.
The ogre is heavily wounded.
You hit the ogre.
The ogre is severely wounded.
The ogre closely misses you.
You barely miss the ogre.
The ogre is severely wounded.
The ogre hits you with a +0 giant club!!
* * * LOW HITPOINT WARNING * * *
You barely miss the ogre.
The ogre is severely wounded.
You closely miss the ogre.
The ogre is severely wounded.
The ogre barely misses you.
You hit the ogre.
The ogre is severely wounded.
The ogre hits you with a +0 giant club!
You die...

#.# #.###...##.##.#.......
#.# #.....................
#.#######.#.##.#..#...<...
#......##.##.#.#.###......
######.##.###....# ##.....
#.##.####.#>#####...#
#..........รท.......##
#..#..#.#.#.#.#.#####
#..#@##.##...###.####
#..#O.......## ##..##
......#.##.#.###.#.##
###.##.........#.##.#
........###.#.###.#
^####.#.# #.#.# #.# ..
#.#.# #.#.# #.# .. ...#
#...# #.# . ##### #.#


You could see an ogre.

Vanquished Creatures
  A water moccasin (D:5)
  An ice beast (D:6)
  An ogre (D:4)
  A phantom (D:4)
  2 scorpions (D:6)
  A howler monkey (D:6)
  3 hounds
  A sleepcap (D:6)
  2 iguanas
  Robin (D:3)
  8 adders
  3 dart slugs
  A ribbon worm (D:3)
  4 orcs
  8 ball pythons
  3 bats
  6 endoplasms
  6 giant cockroaches
  16 goblins
  4 hobgoblins
  2 jackals (D:1)
  6 kobolds
  3 quokkas
  2 frilled lizards (D:1)
  3 rats
  A spectral hobgoblin (D:1)
90 creatures vanquished.

Notes
Turn   | Place    | Note
-------+----------+-------------------------------------------
     0 | D:1      | Aldia the Mountain Dwarf Warper began the quest for the
                  | Orb.
     0 | D:1      | Reached XP level 1. HP: 17/17 MP: 3/3
   110 | D:1      | Found a faded altar of an unknown god.
   196 | D:1      | Reached skill level 3 in Axes
   196 | D:1      | Reached XP level 2. HP: 25/25 MP: 4/4
   199 | D:1      | Learned a level 2 spell: Blink
   610 | D:1      | Learned a level 1 spell: Apportation
   724 | D:1      | Reached XP level 3. HP: 30/30 MP: 5/5
  1045 | D:2      | Reached skill level 4 in Axes
  1145 | D:2      | Reached XP level 4. HP: 35/38 MP: 6/6
  1818 | D:3      | Noticed Robin
  1847 | D:3      | Killed Robin
  1848 | D:3      | Reached XP level 5. HP: 27/45 MP: 7/7
  2371 | D:4      | Reached skill level 5 in Axes
  2681 | D:4      | Noticed an ogre
  2695 | D:4      | Killed an ogre
  2696 | D:4      | Reached XP level 6. HP: 30/52 MP: 8/8
  2982 | D:5      | Entered Level 5 of the Dungeon
  3071 | D:5      | Reached skill level 6 in Axes
  3170 | D:5      | Found a staircase to the Ecumenical Temple.
  3177 | Temple   | Entered the Ecumenical Temple
  3186 | Temple   | Became a worshipper of Qazlal Stormbringer
  3200 | D:5      | Noticed a water moccasin
  3226 | D:5      | Killed a water moccasin
  3227 | D:5      | Reached XP level 7. HP: 41/60 MP: 9/9
  3359 | D:5      | Found Fitor's Antique Armour Boutique.
  3805 | D:6      | Reached skill level 1 in Invocations
  3973 | D:6      | Reached skill level 7 in Axes
  3997 | D:6      | Noticed a yak
  4170 | D:6      | Reached skill level 5 in Fighting
  4171 | D:6      | Noticed a yak
  4172 | D:6      | Noticed a yak
  4199 | D:6      | HP: 2/61 [iguana (11)]
  4300 | D:6      | HP: 2/61 [ogre/+0 giant club (25)]
  4303 | D:6      | Mangled by an ogre

Illustrated notes

Levels and vault maps discovered:
D:1:      dpeg_arrival_boxes_within_box, layout_basic,
          dreamdust_ecumenical_altar_drowned_temple
D:2:      layout_rooms
D:3:      layout_basic, minmay_misc_feat_rugged,
          amcnicky_mini_rare_corridor_liquid, hangedman_decor_peaks_small,
          uniq_robin
D:4:      layout_loops_cross
D:5:      layout_rooms, minmay_temple_entry_tees, serial_shops,
          nicolae_diamond_shop
D:6:      layout_loops_ring, lemuel_tele_altar, minmay_misc_feat_diagonals,
          grunt_potential
Temple:   hellmonk_temple_of_storms

Skill      XL: |  1  2  3  4  5  6  7 |
---------------+----------------------+-----
Axes           | 3 4 5 6 7 |  7.5
Armour         | 2 3 4 |  4.6
Fighting       | 3 4 5 |  5.0
Translocations | 3 |  3.0
Invocations    | 2 |  2.5
Throwing       | |  0.7
Dodging        | |  1.3
Spellcasting   | |  1.7

Action                     |  1- 3 |  4- 6 |  7- 9 || total
---------------------------+-------+-------+-------++-------
  Melee: Hand axe          |   137 |   266 |   169 ||   572
    Use: Scroll            |       |     5 |     2 ||     7
 Armour: Scale mail        |   101 |   199 |       ||   300
         Chain mail        |       |       |   126 ||   126
  Dodge: Dodged            |    87 |   152 |    53 ||   292

Table legend: (Time is in decaauts)
 A = Elapsed time spent in this place.
 B = Non-inter-level travel time spent in this place.
 C = Inter-level travel time spent in this place.
 D = Time resting spent in this place.
 E = Time spent auto-exploring this place.
 F = Levels seen in this place.
 G = Mean time per level.
                   A        B        C        D        E       F      G
               +--------+--------+--------+--------+--------+-----+--------+
         Total |   4331 |   4144 |    187 |      0 |   3114 |   7 |  618.7 |
       Dungeon |   4312 |   4133 |    179 |      0 |   3114 |   6 |  718.7 |
        Temple |     18 |     10 |      8 |      0 |      0 |   1 |   18.0 |
               +--------+--------+--------+--------+--------+-----+--------+

Top non-repeatable levels by time:
     D:1: 976 daAuts
     D:3: 843 daAuts
     D:4: 763 daAuts
     D:6: 720 daAuts
     D:5: 572 daAuts
     D:2: 435 daAuts
  Temple: 18 daAuts
